 Dungeon Crawl Stone Soup version 0.28.0-53-g5a82cb258f (webtiles) character file.

Game seed: 3452595345965908591

13 MiltankisOP the Stinger (level 2, 0/13 HPs)
             Began as a Spriggan Venom Mage on June 13, 2022.
             Slain by a quokka (2 damage)
             ... on level 1 of the Dungeon.
             The game lasted 00:02:24 (981 turns).

MiltankisOP the Stinger (Spriggan Venom Mage)        Turns: 981, Time: 00:02:25

Health: 0/13       AC:  2    Str:  4    XL:     2   Next: 24%
Magic:  7/7        EV: 17    Int: 16    God:
Gold:   0          SH:  0    Dex: 15    Spells: 6/7 levels left

rFire   . . .      SeeInvis +   (weapon restricted)
rCold   . . .      Faith    .   (no shield)
rNeg    . . .      Spirit   .   a - +0 robe
rPois   .          Reflect  .   (helmet restricted)
rElec   .          Harm     .   (no cloak)
rCorr   .          Rampage  .   (gloves unavailable)
Will    .....                   (boots unavailable)
Stlth   ++........              (no amulet)
HPRegen 0.04/turn               (no ring)
MPRegen 0.10/turn               (no ring)

@: very quick
A: very small, no large weapons, unfitting armour, see invisible, speed 3
a: no special abilities


You were on level 1 of the Dungeon.
You visited 1 branch of the dungeon, and saw 1 of its levels.

Inventory:

Armour
 a - a +0 robe (worn)
Jewellery
 c - a ring of fire
Scrolls
 d - 2 scrolls of identify {unknown}
 e - a scroll of blinking {unknown}
Potions
 b - a potion of magic {unknown}
 f - a potion of berserk rage {unknown}


   Skills:
 - Level 2.6 Dodging
 - Level 3.0 Stealth
 + Level 3.0 Spellcasting
 + Level 2.0 Transmutations
 * Level 3.3 Poison Magic


You had 6 spell levels left.
You knew the following spells:

 Your Spells              Type           Power      Damage    Failure   Level
a - Sting                 Tmut/Pois      44%        1d5       6%          1

Your spell library contained the following spells:

 Spells                   Type           Power      Damage    Failure   Level
 Poisonous Vapours        Pois/Air       14%        N/A       14%         2
 Mephitic Cloud           Conj/Pois/Air  6%         N/A       34%         3
 Olgreb's Toxic Radiance  Pois           13%        N/A       43%         4


Dungeon Overview and Level Annotations

Branches:
Dungeon (1/15)

Altars:


Innate Abilities, Weirdness & Mutations

You are very small and have problems with some larger weapons.
You are too small for most types of armour.
You have supernaturally acute eyesight. (SInv)
You cover ground extremely quickly. (Speed+++)


Message History

e - a scroll labelled ISHEOSS LO DUU
f - an orange potion A quokka comes into view.
Unknown command.
The quokka barely misses you.
The quokka bites you but does no damage.
The quokka misses you.
The quokka bites you but does no damage.
The quokka barely misses you.
The quokka twitches its whiskers.
The quokka completely misses you. The quokka closely misses you.
The quokka bites you. The quokka misses you. The quokka bites you.
The quokka misses you.
The quokka twitches its whiskers.
The quokka bites you. The quokka misses you. The quokka closely misses you.
The quokka misses you. The quokka closely misses you. The quokka misses you.
The quokka closely misses you. The quokka bites you.
* * * LOW HITPOINT WARNING * * *
The quokka misses you. The quokka closely misses you. The quokka misses you.
The quokka bites you.
* * * LOW HITPOINT WARNING * * *
The quokka bites you.
* * * LOW HITPOINT WARNING * * *
The quokka twitches its whiskers.
The quokka closely misses you. The quokka completely misses you.
The quokka misses you. The quokka misses you. The quokka completely misses you.
The quokka misses you. The quokka misses you. The quokka misses you.
The quokka bites you.
You die...

#.# # #.# ##.
##)## #.. ##....
#.# #...†. #.#
##.).# #.#
###.####..## #r#
............ #@#
###.####..## #.#
#.# #....
#.#######.# ##.##
#.........# #....
###.#...#.#
##...#
##.#...#.###..##.
#.........#.#.# #
#.............#
#.........#.#.#


You could see a quokka.

Vanquished Creatures
  A ball python (D:1)
  3 endoplasms (D:1)
  A giant cockroach (D:1)
  A goblin (D:1)
  2 kobolds (D:1)
  A quokka (D:1)
  2 rats (D:1)
11 creatures vanquished.

Notes
Turn   | Place    | Note
-------+----------+-------------------------------------------
     0 | D:1      | MiltankisOP the Spriggan Venom Mage began the quest for the
                  | Orb.
     0 | D:1      | Reached XP level 1. HP: 9/9 MP: 5/5
   675 | D:1      | Reached XP level 2. HP: 13/13 MP: 4/6
   981 | D:1      | Slain by a quokka

Illustrated notes

Levels and vault maps discovered:
D:1:      dpeg_chamrin_arrival_tetris, layout_loops_corners

Skill      XL: |  1  2 |
---------------+-------+-----
Spellcasting   | 3 |  3.0
Transmutations | 2 |  2.0
Dodging        | |  2.6
Stealth        | |  3.0
Poison Magic   | |  3.3

Action                   || total
-------------------------++-------
 Cast: Sting             ||    21
Armor: Robe              ||     2
Dodge: Dodged            ||    25
